Match 43530415
Unlisted

Match 43530415
End
Vickers Machine Gun Team
Construct Section Command Post
Infantry Section
Infantry Section
Infantry Section
Construct Platoon Command Post
6-pounder Anti-tank Gun Team
Selects Indian Artillery Battlegroup
Selects Valour
Humber Armored Car
Unlock Bishop Self-propelled Artillery
Bishop Self-propelled Artillery
Construct Field Infirmary
Bishop Self-propelled Artillery
Light Vehicle Training
6-pounder Anti-tank Gun Team
Construct Company Command Post
Selects Gurkha Rifles Section
Selects Volunteer Infantry
Selects Towed ML 4.2-inch Heavy Mortar
Selects Artillery Saturation
Selects Off-map Airburst Barrage
Selects BL5.5 Artillery Emplacement
Unlock Towed 17-pounder Anti-tank Guns
Foot Guards Section
Off-map Airburst Barrage
Off-map Airburst Barrage
17-pounder Anti-tank Gun Team
Grenade Package
Off-map Airburst Barrage
Foot Guards Section
Off-map Airburst Barrage
Off-map Airburst Barrage
Off-map Airburst Barrage
Off-map Airburst Barrage
17-pounder Anti-tank Gun Team
Matilda II Heavy Tank
Ursa Major
Nap
GramJam
GarlicBread
Cobalt11
V4rangian
0
0

Comments sign in to comment!

No comments posted yet!